 Dungeon Sprint DCSS version 0.21-a0-278-ga722497 (webtiles) character file.

30133 potatolord6000 the Severer (level 13, -3/134 HPs)
             Began as a Hill Orc Fighter on Sept 21, 2017.
             Was the Champion of Beogh.
             Slain by a bone dragon (10 damage)
             ... in the Dungeon (Sprint VII: "The Pits").
             The game lasted 00:13:28 (3076 turns).

potatolord6000 the Severer (Hill Orc Fighter)       Turns: 3076, Time: 00:13:29

Health: -3/134     AC: 18    Str: 24    XL:     13   Next: 49%
Magic:  21/26      EV: 12    Int:  8    God:    Beogh [******]
Gold:   28         SH: 15    Dex: 13    Spells: 12/12 levels left

rFire    . . .     SeeInvis .   t - +6 war axe (freeze)
rCold    . . .     Gourm    .   c - +0 shield
rNeg     . . .     Faith    .   h - +3 chain mail
rPois    .         Spirit   .   (no helmet)
rElec    .         Reflect  .   a - +0 cloak
rCorr    .         Harm     .   (no gloves)
MR       .....     NoTele   +   (no boots)
Stlth    ..........             (no amulet)
HPRegen  0.32/turn              b - +3 ring of dexterity
MPRegen  0.20/turn              d - +3 ring of evasion

@: very slightly contaminated, invisible
A: walk on water
a: Smiting, Recall Orcish Followers, Give Item to Named Follower, Resurrection,
Renounce Religion


You were in the Dungeon.
You worshipped Beogh.
Beogh was exalted by your worship.
You were very full.

You visited 1 branch You collected 28 gold pieces.

Inventory:

Hand Weapons
 t - a +6 war axe of freezing (weapon)
 x - a +1 battleaxe of flaming
Armour
 a - a +0 cloak (worn)
 c - a +0 shield (worn)
 h - a +3 chain mail (worn)
Jewellery
 b - a +3 ring of dexterity (left hand)
 d - a +3 ring of evasion (right hand)
 s - an uncursed ring of stealth
Scrolls
 k - 3 scrolls of blinking
 m - 5 scrolls of remove curse
 n - 5 scrolls of amnesia
 o - a scroll of summoning
 u - a scroll of identify
 w - 2 scrolls of recharging
Potions
 e - 5 potions of curing
 i - 3 potions of magic
 j - a potion of berserk rage
 l - a potion of invisibility
 v - a potion of might
Comestibles
 f - 8 bread rations
 p - 40 fruits
 q - 5 meat rations


   Skills:
 + Level 18.3 Fighting
 + Level 19.5 Axes
 + Level 17.0 Armour
 + Level 17.0 Shields
 + Level 19.2 Invocations


You had 12 spell levels left.
You didn't know any spells.

Dungeon Overview and Level Annotations

Branches:
Dungeon (1/1)

Altars:
Ashenzari
Cheibriados
Dithmenos
Elyvilon
Fedhas
Gozag
Hepliaklqana
Kikubaaqudgha
Makhleb
Nemelex Xobeh
Okawaru
Qazlal
Ru
Sif Muna
Trog
Uskayaw
Vehumet
Wu Jian
Xom
Yredelemnul
Zin
The Shining One
Beogh
Jiyva
Lugonu


Message History

The bone dragon is heavily damaged.
You block the bone dragon's attack. The bone dragon barely misses you.
The bone dragon tramples you but does no damage.
Murdo mumbles some strange prayers to Beogh against the bone dragon.
The bone dragon is smitten.
Unknown command.
You hit the bone dragon but do no damage.
The bone dragon is severely damaged.
You block the bone dragon's attack.
The bone dragon claws you but does no damage.
The bone dragon tramples you but does no damage.
Unknown command.
You slice the bone dragon!! You freeze the bone dragon.
The bone dragon is severely damaged.
Unknown command.
You hit the bone dragon but do no damage.
The bone dragon is severely damaged.
The bone dragon bites you but does no damage.
You block the bone dragon's attack. The bone dragon tramples you!
You die...

########## ######## #.........
........ #.44...... ........
#4o#### #######. #oo@#.# #.
#oo#D# #o #oo##=# #. #..# #)# #.
#..# #[# #. #..################.
#############.....oo............
#_________.##...................
#_________.###########++########


You could see a bone dragon, the friendly Geork the orc high priest, the
friendly Murdo the orc high priest, 2 friendly rust devils, a friendly orc
sorcerer, 3 friendly orc warriors and a friendly orc priest.

Vanquished Creatures
  A profane servitor (D)
  A spriggan defender (D)
  A purple draconian (D)
  An eidolon (D)
  A hydra (D)
  Harold (D)
  A hell beast (D)
  An alligator snapping turtle (D)
  2 anacondas (D)
  Erica (D)
  A death yak (D)
  4 hell hogs (D)
  A sea snake (D)
  A swamp dragon (D)
  A lindwurm (D)
  3 harpies (D)
  A wolf spider (D)
  2 deep elf magi (D)
  An orc sorcerer (D)
  A cyclops (D)
  2 manticores (D)
  A large abomination (D)
  3 elephants (D)
  An eye of devastation (D)
  An orange demon (D)
  2 rime drakes (D)
  An efreet (D)
  A queen bee (shapeshifter) (D)
  A troll (D)
  Grinder (D)
  A hippogriff (D)
  10 dream sheep (D)
  3 redbacks (D)
  A shadow (D)
  A fire bat (D)
  A basilisk (D)
  2 wraiths (D)
  An acid dragon (D)
  3 soldier ants (D)
  A porcupine (D)
  2 ice beasts (D)
  11 wolves (D)
  2 necrophages (D)
  A centaur (D)
  A crocodile (D)
  A big kobold (D)
  An earth elemental (D)
  A small abomination (D)
  2 scorpions (D)
  A quasit (D)
  2 hounds (D)
  An orc priest (D)
  2 gnoll shamans (D)
  5 gnolls (D)
  A river rat (D)
  An ufetubus (D)
  An ooze (D)
  3 adder zombies (D)
  An adder skeleton (D)
  A worm (D)
  An orc (D)
  A ball python (D)
  4 jackals (D)
  A quokka (D)
  A kobold (D)
114 creatures vanquished.

Vanquished Creatures (collateral kills)
  An emperor scorpion (D)
  An ettin (D)
  A deep troll (D)
  A smoke demon (D)
  3 elephants (D)
  A molten gargoyle (D)
  A red devil (D)
  An ice devil (D)
  A bog body (D)
  A shadow (D)
  A wolf (D)
  3 orcs (D)
  A quokka zombie (D)
17 creatures vanquished.

Vanquished Creatures (others)
  A deep elf sorcerer (D)
  A deep elf death mage (D)
  An ice dragon (D)
  An orc high priest (D)
  An orc sorcerer (D)
  3 orc warriors (D)
  A vampire (D)
  A necrophage (D)
  An eye of draining (D)
  An orc priest (D)
  An orc wizard (D)
  2 orcs (D)
15 creatures vanquished.

Grand Total: 146 creatures vanquished

Notes
Turn   | Place    | Note
-------+----------+-------------------------------------------
     0 | D        | potatolord6000 the Hill Orc Fighter began the quest for the Orb.
     0 | D        | Reached XP level 1. HP: 19/19 MP: 1/1
    45 | D        | Found a bloodstained altar of Trog.
    45 | D        | Found a deep blue altar of Sif Muna.
    45 | D        | Found a viscous altar of Jiyva.
    45 | D        | Found a hazy altar of Hepliaklqana.
    45 | D        | Found an opulent altar of Gozag.
    46 | D        | Found a glowing golden altar of the Shining One.
    46 | D        | Found a glowing silver altar of Zin.
    46 | D        | Found a basalt altar of Yredelemnul.
    46 | D        | Found a shimmering altar of Xom.
    46 | D        | Found an ornate altar of the Wu Jian Council.
    46 | D        | Found a sacrificial altar of Ru.
    46 | D        | Found a stormy altar of Qazlal.
    46 | D        | Found an iron altar of Okawaru.
    46 | D        | Found a sparkling altar of Nemelex Xobeh.
    46 | D        | Found a burning altar of Makhleb.
    46 | D        | Found a blossoming altar of Fedhas.
    46 | D        | Found a white marble altar of Elyvilon.
    46 | D        | Found a shadowy altar of Dithmenos.
    46 | D        | Found a snail-covered altar of Cheibriados.
    49 | D        | Found a corrupted altar of Lugonu.
    49 | D        | Found a radiant altar of Vehumet.
    49 | D        | Found a roughly hewn altar of Beogh.
    50 | D        | Found an ancient bone altar of Kikubaaqudgha.
    50 | D        | Found a hide-covered altar of Uskayaw.
    50 | D        | Found a shattered altar of Ashenzari.
    58 | D        | Became a worshipper of Beogh the Brigand
    80 | D        | Reached skill level 1 in Invocations
    80 | D        | Reached XP level 2. HP: 28/28 MP: 1/3
   117 | D        | Reached * piety under Beogh
   213 | D        | Reached XP level 3. HP: 32/34 MP: 4/4
   215 | D        | Reached ** piety under Beogh
   219 | D        | Reached *** piety under Beogh
   219 | D        | Reached skill level 5 in Fighting
   219 | D        | Reached skill level 5 in Axes
   219 | D        | Reached skill level 5 in Armour
   219 | D        | Reached skill level 5 in Shields
   219 | D        | Reached XP level 4. HP: 36/42 MP: 4/6
   286 | D        | Noticed a centaur
   287 | D        | Noticed an ice beast
   290 | D        | Noticed a necrophage
   290 | D        | Noticed Grinder
   291 | D        | Killed a centaur
   291 | D        | Reached skill level 5 in Invocations
   291 | D        | Reached XP level 5. HP: 46/51 MP: 6/8
   297 | D        | Killed an ice beast
   297 | D        | Reached XP level 6. HP: 40/60 MP: 6/10
   297 | D        | Reached **** piety under Beogh
   298 | D        | Reached ***** piety under Beogh
   300 | D        | Paralysed by Grinder for 4 turns
   310 | D        | Killed a necrophage
   312 | D        | Paralysed by Grinder for 3 turns
   320 | D        | Paralysed by Grinder for 5 turns
   325 | D        | Killed Grinder
   325 | D        | Reached XP level 7. HP: 41/70 MP: 7/13
   458 | D        | Noticed a shadow
   459 | D        | Killed a shadow
   459 | D        | Reached skill level 10 in Axes
   470 | D        | Reached ****** piety under Beogh
   482 | D        | Reached XP level 8. HP: 79/79 MP: 13/15
   494 | D        | Noticed a hippogriff
   496 | D        | Killed a hippogriff
   496 | D        | Reached skill level 10 in Fighting
   496 | D        | Reached skill level 10 in Invocations
   573 | D        | Killed an ice dragon
   615 | D        | Noticed a dream sheep
   615 | D        | Noticed a dream sheep
   618 | D        | Noticed a dream sheep
   618 | D        | Noticed a dream sheep
   620 | D        | Noticed a dream sheep
   622 | D        | Killed a dream sheep
   622 | D        | Reached skill level 10 in Armour
   622 | D        | Reached skill level 10 in Shields
   624 | D        | Noticed a manticore
   624 | D        | Killed a dream sheep
   624 | D        | Reached XP level 9. HP: 51/89 MP: 15/17
   639 | D        | Killed a manticore
   657 | D        | Reached XP level 10. HP: 23/98 MP: 19/19
   885 | D        | Killed a deep elf sorcerer
  1043 | D        | Noticed a sea snake
  1047 | D        | Killed a sea snake
  1064 | D        | Noticed a deep elf mage
  1069 | D        | Killed a deep elf mage
  1318 | D        | Gained Geork as an ally
  1331 | D        | Noticed an eight-headed hydra
  1334 | D        | Killed a nine-headed hydra
  1335 | D        | Reached XP level 11. HP: 105/108 MP: 11/21
  1410 | D        | Noticed a death yak
  1410 | D        | Noticed a cyclops
  1418 | D        | Killed a cyclops
  1420 | D        | Killed a death yak
  1420 | D        | Reached skill level 15 in Axes
  1455 | D        | Noticed a wolf spider
  1456 | D        | Noticed an eidolon
  1459 | D        | Killed an eidolon
  1459 | D        | Reached skill level 15 in Invocations
  1470 | D        | Killed a wolf spider
  1765 | D        | Noticed a harpy
  1765 | D        | Noticed a harpy
  1765 | D        | Noticed a manticore
  1766 | D        | Noticed a harpy
  1770 | D        | Killed a harpy
  1771 | D        | Killed a harpy
  1772 | D        | Killed a harpy
  1772 | D        | Reached skill level 15 in Fighting
  1779 | D        | Killed a manticore
  1785 | D        | Gained Bogward as an ally
  1811 | D        | Killed a deep elf death mage
  2035 | D        | Noticed a lindwurm
  2040 | D        | Killed a lindwurm
  2221 | D        | Noticed a deep troll
  2222 | D        | Noticed Erica
  2230 | D        | Killed a deep troll
  2230 | D        | Reached XP level 12. HP: 115/122 MP: 20/24
  2231 | D        | Killed Erica
  2255 | D        | Noticed Harold
  2266 | D        | Killed Harold
  2352 | D        | Reached skill level 15 in Shields
  2390 | D        | Your ally Bogward died
  2397 | D        | Reached skill level 15 in Armour
  2421 | D        | Noticed an orc high priest
  2506 | D        | Noticed an ettin
  2506 | D        | Noticed a spriggan defender
  2506 | D        | Noticed a hell beast
  2506 | D        | Noticed a profane servitor
  2509 | D        | Killed a hell beast
  2544 | D        | Killed a profane servitor
  2547 | D        | Killed an ettin
  2549 | D        | Killed a spriggan defender
  2553 | D        | Reached XP level 13. HP: 57/132 MP: 12/26
  2983 | D        | Noticed an emperor scorpion
  2993 | D        | Noticed a purple draconian
  3000 | D        | Killed an emperor scorpion
  3005 | D        | Killed a purple draconian
  3052 | D        | Gained Murdo as an ally
  3056 | D        | Gained Ugbert as an ally
  3061 | D        | Noticed a bone dragon
  3070 | D        | Your ally Ugbert died
  3072 | D        | HP: 6/134 [bone dragon (5)]
  3076 | D        | Slain by a bone dragon

Vault maps used:
D:        pitsprint

Skill      XL: |  1  2  3  4  5  6  7  8  9 10 11 12 13 |
---------------+----------------------------------------+-----
Axes           | 3 4 5 6 7 9 10 11 13 14 16 18 19 | 19.5
Fighting       | 4 5 6 7 9 11 12 13 15 17 18 | 18.3
Armour         | 4 5 6 8 9 10 11 12 14 16 17 | 17.0
Shields        | 4 5 6 8 9 10 11 12 14 16 17 | 17.0
Invocations    | 1 2 3 5 6 8 9 11 12 14 16 18 19 | 19.2

Action                   |  1- 3 |  4- 6 |  7- 9 | 10-12 | 13-15 || total
-------------------------+-------+-------+-------+-------+-------++-------
Melee: War axe           |    33 |    13 |    62 |   182 |    63 ||   353
Invok: Smiting           |       |     1 |     4 |    21 |    13 ||    39
       Resurrection      |       |       |       |     3 |     1 ||     4
       Recall Orcish Fol |       |       |       |       |     1 ||     1
  Use: Potion            |     1 |     4 |     3 |    12 |    13 ||    33
       Scroll            |       |       |       |     4 |       ||     4
 Stab: Distracted        |       |       |       |     1 |       ||     1
  Eat: Meat ration       |       |       |       |     2 |     1 ||     3
Armor: Scale mail        |    19 |       |       |       |       ||    19
       Chain mail        |       |    24 |    35 |    62 |    30 ||   151
Dodge: Dodged            |    19 |     5 |    23 |    81 |    19 ||   147
Block: Shield            |    18 |    15 |    46 |   129 |    56 ||   264

Table legend:
 A = Spawn XP
 B = Non-spawn XP
 C = Spawn XP percentage of total XP
 D = Spawn monster count
 E = Non-spawn monster count
 F = Spawn count percentage of total count
 G = Total turns spent on level
                    A         B        C        D         E        F      G
               +---------+---------+-------+---------+---------+-------+---------
         Total |       0 |   43048 |   0.0 |       0 |     131 |   0.0 |  3076
               +---------+---------+-------+---------+---------+-------+---------
             D |       0 |   43048 |   0.0 |       0 |     131 |   0.0 |  3076
               +---------+---------+-------+---------+---------+-------+---------
